 Dungeon Crawl Stone Soup version 0.30-b1-2-g02819fbbbe (webtiles) character file.

Game seed: 15547079278246677113

2884 ketsa the Slicer (level 10, -2/60 HPs)
             Began as a Kobold Enchanter on May 22, 2023.
             Killed from afar by an electric eel (7 damage)
             ... with a bolt of electricity
             ... on level 6 of the Dungeon.
             The game lasted 00:32:45 (7145 turns).

ketsa the Slicer (Kobold Enchanter)                 Turns: 7145, Time: 00:32:46

Health: -2/60      AC:  3    Str:  7    XL:     10   Next: 5%
Magic:  11/14      EV: 20    Int: 18    God:
Gold:   355        SH:  0    Dex: 17    Spells: 6/14 levels left

rFire   . . .        g - +2 dagger (venom)
rCold   . . .        (no shield)
rNeg    . . .        b - +1 robe
rPois   .            (no helmet)
rElec   .            (no cloak)
rCorr   .            (no gloves)
SInv    .            (no boots)
Will    .....        (no amulet)
Stlth   +++          (no ring)
HPRegen 0.30/turn    (no ring)
MPRegen 0.14/turn

%: no passive effects
@: studying Dodging, very slow
A: small, no large weapons, nightstalker 3
a: no special abilities


You were on level 6 of the Dungeon.
You visited 2 branches of the dungeon, and saw 7 of its levels.
You also visited: Sewer.

You collected 355 gold pieces.

Inventory:

Hand Weapons
 a - a +1 dagger
 e - a +2 short sword of draining
 g - a +2 dagger of venom (weapon)
 j - a +2 short sword of electrocution
 l - the +9 sling of Veleufehohi {flame, Drain Str+6}
   (You found it on level 2 of the Dungeon)

   Str:       It affects your strength (+6).
   Drain:     It drains your maximum health when unequipped.
Missiles
 w - 23 poisoned darts (quivered)
 x - 5 javelins
Armour
 b - a +1 robe (worn)
 C - a +0 leather armour
Magical Staves
 h - a staff of earth
Wands
 s - a wand of flame (19)
 B - a wand of polymorph (10)
Scrolls
 d - 2 scrolls of poison {unknown}
 i - a scroll of noise {unknown}
 o - 2 scrolls of enchant armour
 p - a scroll of butterflies
 r - a scroll of vulnerability {unknown}
 u - a scroll of magic mapping {unknown}
 y - 4 scrolls of identify
 z - a scroll of teleportation
Potions
 c - 5 potions of invisibility
 f - 5 potions of curing
 k - a potion of degeneration {unknown}
 m - 3 potions of might
 n - 3 potions of brilliance
 q - 4 potions of mutation {unknown}
 t - 3 potions of haste
 v - 2 potions of magic {unknown}
 A - a potion of resistance {unknown}
 D - 2 potions of flight {unknown}


   Skills:
 - Level 6.0 Fighting
 - Level 10.3 Short Blades
 - Level 1.3 Ranged Weapons
 + Level 9.2 Dodging
 - Level 7.0 Stealth
 - Level 2.7 Spellcasting
 + Level 5.0 Hexes
 - Level 3.5 Ice Magic


You had 6 spell levels left.
You knew the following spells:

 Your Spells              Type           Power      Damage    Failure   Level
a - Ensorcelled Hibernat  Hex/Ice        34%        N/A       4%          2
b - Confusing Touch       Hex            20%        N/A       6%          3
c - Tukima's Dance        Hex            20%        N/A       6%          3

Your spell library contained the following spells:

 Spells                   Type           Power      Damage    Failure   Level
 Ozocubu's Armour         Ice            15%        N/A       12%         3
 Dazzling Flash           Conj/Hex       22%        N/A       19%         3
 Cause Fear               Hex            10%        N/A       22%         4
 Anguish                  Hex/Necr       5%         N/A       52%         4
 Enfeeble                 Hex            10%        N/A       100%        7
 Ozocubu's Refrigeration  Ice            7%         4d9       100%        7


Dungeon Overview and Level Annotations

Branches:
Dungeon (6/15) Zot: 25198  Temple (1/1) D:5 Zot: 5948   Sewer (visited)

Altars:
Hepliaklqana
Kikubaaqudgha
Okawaru
Qazlal
Trog
Uskayaw
Wu Jian
Zin
The Shining One

Annotations:
D:2 Crazy Yiuf, Robin, Terence
D:4 Menkaure


Innate Abilities, Weirdness & Mutations

You are small and have problems with some larger weapons.
You are completely attuned to the shadows.


Message History

Aim: an electric eel (water, wandering, hasn't noticed you, chance to affect: 59%)
The electric eel looks drowsy...
Your unstable footing causes you to fumble your attack.
Casting: Ensorcelled Hibernation (safe; 4% risk of failure)
Confirm with . or Enter, or press ? or * to list all spells.
Aiming: Ensorcelled Hibernation (safe; 4% risk of failure)
Press: ? - help, Shift-Dir - straight line, f - you, p - electric eel That would be overly suicidal.
Okay, then.
Casting: Ensorcelled Hibernation (safe; 4% risk of failure)
Confirm with . or Enter, or press ? or * to list all spells.
Aiming: Ensorcelled Hibernation (safe; 4% risk of failure)
Press: ? - help, Shift-Dir - straight line, f - electric eel
Aim: an electric eel (water, not susceptible)
The electric eel is unaffected.
The electric eel shoots out a bolt of lightning at you!
The bolt of electricity hits you!
You completely miss the electric eel. You punch the electric eel.
The electric eel is lightly wounded.
The electric eel shoots out a bolt of lightning at you!
The bolt of electricity hits you.
The electric eel shoots out a bolt of lightning at you!
The bolt of electricity hits you!
The electric eel shoots out a bolt of lightning at you!
The bolt of electricity misses you.
The electric eel shoots out a bolt of lightning at you!
The bolt of electricity hits you!
The electric eel shoots out a bolt of lightning at you!
The bolt of electricity hits you!
* * * LOW HITPOINT WARNING * * *
The electric eel shoots out a bolt of lightning at you!
The bolt of electricity misses you.
The electric eel shoots out a bolt of lightning at you!
The bolt of electricity misses you.
The electric eel shoots out a bolt of lightning at you!
The bolt of electricity hits you!
* * * LOW HITPOINT WARNING * * *
The electric eel shoots out a bolt of lightning at you!
The bolt of electricity hits you!
You die...

### #.# #.##.# ~~♣♣#.# #. ...
##.###.##.# ~~~~#.# #. ###
#......##.### ~~~~~.###' ##
#..######...#♣ ~~~~♣~##.. .##
#.........#.~♣~~~~~~~~~♣~#...
..###.##.#######♣♣~~♣~≈~~~~♣♣....
.).##.#...#####.~♣~~≈≈~≈≈~~~♣....
...'............♣♣~~S≈≈≈ ~~♣~~...
...##.#...#####♣@~S≈≈≈≈≈≈≈~~♣♣...
..###.##.## #~~♣~~≈≈≈≈≈S≈~♣♣...
.## #.#### #♣♣~~≈≈≈≈≈≈≈≈~~~... #
#.# ~~~~≈≈≈≈≈≈≈~~~~..)
#♣♣~≈S≈≈≈≈≈≈≈~~~##)
~~≈≈≈≈≈≈≈≈~~♣~##. ≈≈♣~♣♣##. ≈ ~~
##. ~~~ ##..


You could see 3 electric eels.

Vanquished Creatures
  Grinder (D:4)
  Sigmund (D:3)
  Eustachio (D:5)
  Edmund (D:4)
  A water moccasin (D:4)
  An ice beast (D:6)
  A black bear (D:6)
  6 ogres
  3 centaurs
  A kobold brigand (Sewer)
  4 scorpions
  5 wights (D:6)
  2 hounds
  2 jellies
  2 gnoll boudas (D:6)
  An orc priest (D:6)
  2 orc wizards
  3 iguanas
  8 gnolls
  9 adders
  3 river rats (Sewer)
  A shadow imp (D:6)
  3 white imps
  2 ufetubi
  4 worms
  3 dart slugs
  15 orcs
  8 endoplasms
  4 giant cockroaches
  7 goblins
  3 hobgoblins
  3 jackals (D:3)
  4 quokkas
  12 ball pythons
  8 bats
  3 frilled lizards
  24 kobolds
  23 rats
185 creatures vanquished.

Vanquished Creatures (others)
  50 plants (D:6)
  3 withered plants (D:5)
53 creatures vanquished.

Grand Total: 238 creatures vanquished

Notes
Turn   | Place    | Note
-------+----------+-------------------------------------------
     0 | D:1      | ketsa the Kobold Enchanter began the quest for the Orb.
     0 | D:1      | Reached XP level 1. HP: 10/10 MP: 3/3
    96 | D:1      | Reached skill level 2 in Short Blades
    96 | D:1      | Reached XP level 2. HP: 14/15 MP: 5/5
   695 | D:2      | Identified the +9 sling of Veleufehohi {flame, Drain Str+6}
   700 | D:2      | Learned a level 2 spell: Ensorcelled Hibernation
   735 | D:2      | Reached XP level 3. HP: 19/19 MP: 6/6
   946 | D:2      | Noticed Terence
  1069 | D:2      | Noticed Robin
  1203 | D:2      | Reached XP level 4. HP: 24/24 MP: 7/7
  1242 | D:2      | Reached skill level 1 in Ranged Weapons
  1371 | D:2      | Found a runed translucent door.
  1376 | D:2      | Noticed Crazy Yiuf
  1663 | D:3      | Reached skill level 3 in Short Blades
  2017 | D:3      | Noticed Sigmund
  2030 | D:3      | Reached skill level 1 in Ice Magic
  2030 | D:3      | Reached XP level 5. HP: 28/28 MP: 9/9
  2036 | D:3      | Killed Sigmund
  2037 | D:3      | Reached skill level 4 in Short Blades
  2037 | D:3      | Reached skill level 5 in Stealth
  2037 | D:3      | Reached XP level 6. HP: 32/32 MP: 7/10
  2102 | D:3      | Found an ornate altar of the Wu Jian Council.
  2139 | D:3      | Noticed an ogre
  2143 | D:3      | Killed an ogre
  2144 | D:3      | Reached skill level 5 in Short Blades
  2400 | D:4      | Identified the +5 trident of the Shore {vamp, Will+ rCorr
                  | Int+2}
  2544 | D:4      | Noticed Edmund
  2550 | D:4      | Killed Edmund
  2551 | D:4      | Reached XP level 7. HP: 36/36 MP: 11/11
  2682 | D:4      | Noticed a water moccasin
  2697 | D:4      | Reached skill level 6 in Short Blades
  2777 | D:5      | Entered Level 5 of the Dungeon
  2788 | D:5      | Found a glowing drain.
  2811 | Sewer    | Entered a sewer
  3606 | D:5      | Reached XP level 8. HP: 33/41 MP: 5/12
  3681 | D:5      | Reached skill level 7 in Short Blades
  3968 | D:5      | Learned a level 3 spell: Confusing Touch
  3972 | D:5      | Learned a level 3 spell: Tukima's Dance
  4016 | D:4      | Reached skill level 1 in Fighting
  4236 | D:4      | Noticed Grinder
  4240 | D:4      | Paralysed by Grinder for 5 turns
  4253 | D:4      | Killed Grinder
  4254 | D:4      | Reached skill level 8 in Short Blades
  4315 | D:4      | Noticed Menkaure
  4559 | D:5      | Reached XP level 9. HP: 52/52 MP: 8/13
  4611 | D:5      | Found an ancient bone altar of Kikubaaqudgha.
  4640 | D:5      | Found a staircase to the Ecumenical Temple.
  4645 | Temple   | Entered the Ecumenical Temple
  4723 | D:5      | Reached skill level 9 in Short Blades
  4845 | D:5      | Noticed Eustachio
  4849 | D:5      | Killed Eustachio
  4850 | D:5      | Reached skill level 5 in Fighting
  5022 | D:5      | Reached skill level 10 in Short Blades
  5185 | D:5      | Identified the +5 spear of Insomnia {drain, Str+5 Int-5
                  | Stlth+}
  5782 | D:6      | Reached skill level 5 in Dodging
  6789 | D:6      | Reached XP level 10. HP: 52/60 MP: 3/14
  7076 | D:6      | Reached skill level 5 in Hexes
  7145 | D:6      | Killed from afar by an electric eel

Illustrated notes

Levels and vault maps discovered:
D:1:      dpeg_arrival_orchard, layout_loops_ring, minmay_surrounded
D:2:      layout_basic, kennysheep_generic_room_13, uniq_crazy_yiuf_cottage,
          uniq_terence, uniq_robin
D:3:      layout_loops_ring, lemuel_crystal_altar, kennysheep_big_empty_room,
          uniq_sigmund
D:4:      layout_rooms, hangedman_decor_peaks_small, uniq_grinder, uniq_pikel,
          uniq_edmund, uniq_menkaure
D:5:      layout_rooms, kiku_gazebo_garden_becter, temple_doors_e,
          cheibrodos_sewer_entry_drain, minmay_manual_mares, uniq_eustachio
D:6:      layout_loops_corners, serial_bayou, serial_bayou_pond_b,
          serial_bayou_pond_a, serial_bayou_pond_b, serial_bayou_lake_a
Temple:   hellmonk_temple_of_storms

Skill      XL: |  1  2  3  4  5  6  7  8  9 10 |
---------------+-------------------------------+-----
Short Blades   | 2 3 4 5 6 8 10 | 10.3
Ranged Weapons | 1 |  1.3
Ice Magic      | 1 2 3 |  3.5
Stealth        | 5 6 7 |  7.0
Hexes          | 4 5 |  5.0
Fighting       | 3 6 |  6.0
Dodging        | 8 9 |  9.2
Spellcasting   | |  2.7

Action                     |  1- 3 |  4- 6 |  7- 9 | 10-12 || total
---------------------------+-------+-------+-------+-------++-------
  Melee: Dagger            |    66 |    81 |   316 |    14 ||   477
         Punch             |     1 |     1 |     6 |     1 ||     9
  Throw: Dart              |       |       |     4 |       ||     4
   Cast: Ensorcelled Hiber |       |     1 |    57 |     6 ||    64
         Confusing Touch   |       |       |    11 |       ||    11
    Use: Scroll            |       |     2 |     4 |       ||     6
         Potion            |       |     2 |     4 |       ||     6
   Stab: Sleeping          |     8 |    22 |    53 |     4 ||    87
         Distracted        |     1 |       |     1 |       ||     2
         Confused          |       |       |     6 |       ||     6
 Armour: Robe              |    16 |     8 |    31 |       ||    55
  Dodge: Dodged            |    57 |    57 |   202 |     8 ||   324
